 Dungeon Crawl Stone Soup version 0.29.0-4-gdea44cf6ec (webtiles) character file.

Game seed: 2947090097465145435

177678 Flugkiller the Severer (level 17, -3/160 HPs)
             Began as a Minotaur Fighter on Aug 27, 2022.
             Was a High Priest of Okawaru.
             Slain by a naga mage
             ... wielding a +0 spear
              (11 damage)
             ... on level 4 of the Snake Pit.
             The game lasted 00:19:11 (37669 turns).

Flugkiller the Severer (Minotaur Fighter)          Turns: 37669, Time: 00:19:12

Health: -3/160     AC: 35    Str: 26    XL:     17   Next: 26%
Magic:  20/24      EV: 12    Int: 10    God:    Okawaru [*****.]
Gold:   2099       SH: 14    Dex: 17    Spells: 16/16 levels left

rFire   + . .      SeeInvis .   P - +5 broad axe of Xypetz {speed, rPois}
rCold   . . .      Faith    +   c - +0 kite shield
rNeg    . . .      Spirit   .   a - +0 plate armour "Dilul" {Str+4 Int+5 Stlth+}
rPois   +          Reflect  .   (helmet restricted)
rElec   .          Harm     .   V - +2 cloak {Stlth+}
rCorr   .          Rampage  .   U - +0 pair of gloves {Stlth+}
Will    +....                   S - +0 pair of boots
Stlth   ++........              e - amulet of Makhleb's Approval {Faith rF+}
HPRegen 0.36/turn               p - +4 ring of protection
MPRegen 0.19/turn               Q - +4 ring of protection

@: lethally poisoned (-3 -> -12), heroic, slowed, constricted, very slow
A: horns 2, retaliatory headbutt
}: 1/15 runes: decaying
a: Renounce Religion, Heroism, Finesse, Duel


You were on level 4 of the Snake Pit.
You worshipped Okawaru.
Okawaru was extremely pleased with you.
You visited 6 branches of the dungeon, and saw 31 of its levels.
You also visited: Ice Cave.

You collected 3570 gold pieces.
You spent 1471 gold pieces at shops.

Inventory:

Hand Weapons
 I - a +2 broad axe of venom
   (You bought it in a shop on level 13 of the Dungeon)
 P - the +5 broad axe of Xypetz (weapon) {speed, rPois}
   (Okawaru gifted it to you on level 10 of the Dungeon)

   Attacks with this weapon are significantly faster.
   rPois:     It protects you from poison.
Missiles
 k - 27 boomerangs (quivered)
 s - a throwing net
 L - 7 silver javelins
Armour
 a - the +0 plate armour "Dilul" (worn) {Str+4 Int+5 Stlth+}
   (You found it on level 10 of the Dungeon)

   Str:       It affects your strength (+4).
   Int:       It affects your intelligence (+5).
   Stlth:     It makes you more stealthy.
 c - a +0 kite shield (worn)
   (You took it off a gnoll sergeant on level 11 of the Dungeon)
 u - a +1 plate armour of poison resistance
   (You took it off an orc warrior on level 8 of the Dungeon)
 S - a +0 pair of boots (worn)
   (You found it on level 3 of the Lair of Beasts)
 U - a +0 pair of gloves of stealth (worn)
   (You bought it in a shop on level 2 of the Orcish Mines)
 V - a +2 cloak of stealth (worn)
   (You bought it in a shop on level 2 of the Orcish Mines)
Jewellery
 e - the amulet of Makhleb's Approval (around neck) {Faith rF+}
   (You acquired it on level 5 of the Lair of Beasts)

   [amulet of faith]

   It allows you to gain divine favour quickly.
   rF:        It protects you from fire.
 f - a ring of protection from fire
   (You found it on level 8 of the Dungeon)
 p - a +4 ring of protection (left hand)
   (You found it on level 1 of the Dungeon)
 y - a +6 ring of intelligence
   (You found it on level 4 of the Swamp)
 N - an amulet of the acrobat
   (You found it on level 3 of the Snake Pit)
 Q - a +4 ring of protection (right hand)
   (You found it on level 10 of the Dungeon)
Wands
 g - a wand of digging (3)
   (You found it on level 13 of the Dungeon)
 x - a wand of roots (29)
   (You found it on level 6 of the Dungeon)
 J - a wand of mindburst (4)
   (You found it on level 12 of the Dungeon)
 M - a wand of quicksilver (5)
   (You found it on level 15 of the Dungeon)
Scrolls
 b - a scroll of silence
 l - 3 scrolls of magic mapping
 m - 5 scrolls of fear
 n - 6 scrolls of fog
 o - 4 scrolls of vulnerability
 r - 9 scrolls of identify
 t - 9 scrolls of teleportation
 v - a scroll of immolation
 z - 3 scrolls of blinking
 B - a scroll of brand weapon
 D - 4 scrolls of enchant weapon
 H - 5 scrolls of enchant armour
Potions
 d - 4 potions of might
 h - 2 potions of haste
 i - 4 potions of magic
 j - 3 potions of mutation
 q - 10 potions of curing
 w - 7 potions of heal wounds
 A - 3 potions of flight
 E - 8 potions of attraction
 G - 2 potions of lignification
 K - 8 potions of ambrosia
 O - 2 potions of invisibility
 T - a potion of resistance {unknown}
Miscellaneous
 C - a tin of tremorstones (2/2)
   (You found it on level 13 of the Dungeon)
 F - a condenser vane
   (You found it on level 8 of the Dungeon)
 R - a piece from Xom's chessboard (15/15)
   (You found it on level 10 of the Dungeon)


   Skills:
 + Level 16.8(21.8) Fighting
 - Level 18.0(23.0) Axes
 - Level 10.0(15.0) Throwing
 + Level 16.8(21.8) Armour
 + Level 10.6(15.6) Dodging
 + Level 11.5(16.5) Shields
 - Level 11.0 Invocations
 + Level 6.1 Evocations


You had 16 spell levels left.
You didn't know any spells.
Your spell library was empty.

Dungeon Overview and Level Annotations

Branches:
Dungeon (15/15)            Temple (1/1) D:6            Lair (5/5) D:8
  Swamp (4/4) Lair:2        Snake (4/4) Lair:3        Slime (0/5) Lair:4
    Orc (2/2) D:12            Elf (0/3) Orc:2        Vaults (0/5) D:13
 Depths (0/4) D:15          IceCv (visited)

Altars:
Ashenzari
Cheibriados
Dithmenos
Elyvilon
Fedhas
Gozag
Hepliaklqana
Kikubaaqudgha
Makhleb
Nemelex Xobeh
Okawaru
Qazlal
Ru
Sif Muna
Trog
Uskayaw
Vehumet
Wu Jian
Xom
Yredelemnul
Zin
The Shining One
Jiyva

Shops:
D:9 *   D:13 =(   Orc:1 :   Orc:2 *?[[   Snake:2 ?

Portals:
Abyss: D:3

Annotations:
D:3 2 transporters, sanka's ghost, amateur DjAM
D:12 3 runed translucent doors, 4 exclusions, Xqipyl's ghost, journeyman GrFE
D:13 1 runed translucent door, Karim's ghost, journeyman GnWn
Lair:4 1 runed translucent door
Snake:1 1 transporter, Razfen's ghost, adept GnWn


Innate Abilities, Weirdness & Mutations

You have a pair of horns on your head.
You reflexively headbutt those who attack you in melee.


Message History

The splash of poison hits you but does no damage.
You have difficulty breathing.
You feel yourself slow down. The naga warrior constricts you.
You slash the naga warrior!
The naga warrior is heavily wounded.
You feel very sick. The naga mage spits poison at you.
You block the splash of poison. The naga warrior blocks your attack.
The naga warrior is heavily wounded.
You feel very sick. You block the naga warrior's attack.
The naga warrior constricts you.
The naga mage hits you from afar with a +0 spear.
You hit the naga warrior. The naga warrior blocks your attack.
The naga warrior is heavily wounded.
You feel very sick.
The naga mage hits you from afar with a +0 spear.
The naga warrior hits you with a +0 mace.
The naga warrior constricts you.
The naga mage hits you but does no damage.
You slash the naga warrior!
The naga warrior is severely wounded.
You feel sick. The naga warrior spits poison at you.
The splash of poison hits you. The naga warrior constricts you.
The naga mage points at you and mumbles some strange words.
The bolt of poison hits you but does no damage.
You are more poisoned.
You resist. The naga warrior blocks your attack. x2
The naga warrior is severely wounded.
You feel very sick.
The naga mage hits you but does no damage.
The naga warrior barely misses you. The naga warrior constricts you.
The naga warrior blocks your attack. x2
The naga warrior is severely wounded.
You feel very sick.
The naga mage no longer looks unusually strong.
The naga mage barely misses you.
The naga warrior hits you with a +0 mace.
The naga warrior constricts you. The naga warrior blocks your attack.
You headbutt the naga warrior!
The naga warrior is almost dead.
You feel sick.
The naga warrior no longer looks unusually toxic.
You block the naga mage's attack. The naga mage spits poison at you.
The splash of poison hits you.
You are more poisoned.
You resist.
The naga warrior roars a battlecry!
The naga mage goes into a battle-frenzy!
The naga warrior constricts you. The naga warrior blocks your attack.
The naga warrior is severely wounded.
You feel very sick.
The naga mage hits you but does no damage.
You block the naga warrior's attack. The naga warrior constricts you.
You are too injured to fight recklessly!
You are too injured to fight recklessly!
You are too injured to fight recklessly!
You are too injured to fight recklessly!
You are too injured to fight recklessly!
You are too injured to fight recklessly!
You are too injured to fight recklessly!
You are too injured to fight recklessly!
You are too injured to fight recklessly!
You are too injured to fight recklessly!
You are too injured to fight recklessly!
You are too injured to fight recklessly!
You gain the combat prowess of a mighty hero.
You feel very sick.
The naga mage casts a spell at the naga warrior.
The naga warrior seems to grow toxic.
The naga mage points at you and mumbles some strange words.
The bolt of poison hits you but does no damage.
You are more poisoned.
You resist. You block the naga warrior's attack.
The naga warrior constricts you.
You escape the naga warrior's grasp.
You feel extremely sick. The naga mage spits poison at you.
The splash of poison hits you but does no damage.
You resist.
The naga mage hits you with a +0 spear!!
* * * LOW HITPOINT WARNING * * *
The naga mage grabs you. The naga mage constricts you.
* * * LOW HITPOINT WARNING * * *
You block the naga warrior's attack. You block the naga mage's attack.
The naga mage constricts you.
You are too injured to fight recklessly!
You are too injured to fight recklessly!
You feel more confident with your borrowed prowess.
You feel very sick. The naga mage spits poison at you.
You block the splash of poison. The naga mage constricts you.
The naga warrior hits you with a +0 mace!
* * * LOW HITPOINT WARNING * * *
The naga mage hits you with a +0 spear!
You die...

##.........##+#.+...
##.............###...
##....................
##.....................
#......................
#...###########.(.....#
#...')........#........
#...#.N.......#........
#...#)@.......##.......
#...#..N...... #.......
#....#.........##......#
#....#######+###........ ......
......... ##.....#########
.........
##......#.......#.#######...
######.......#.......+.#.....#..#
.............#.......#.#.....#..#


You could see a naga warrior (curare) and a naga mage (fast, strong).

Vanquished Creatures
  Rupert (D:13)
  Jorgrun (Swamp:3)
  Agnes (D:15)
  A fenstrider witch (Swamp:3)
  Kirke (Swamp:2)
  A thorn hunter (Swamp:4)
  A stone giant (D:15)
  A very ugly thing (D:15)
  3 eleionomae
  A dire elephant (Lair:5)
  4 bunyips (Swamp:4)
  2 shambling mangroves (Swamp:4)
  15 hydras
  6 centaur warriors
  3 salamander tyrants (Snake:2)
  A rakshasa (D:15)
  4 boulder beetles
  3 catoblepae
  5 alligators
  3 anacondas
  8 two-headed ogres
  2 death knights
  3 tengu warriors
  5 death yaks (Lair:5)
  5 orc high priests (Orc:2)
  A shock serpent (Snake:4)
  A spriggan berserker (Swamp:4)
  Urug (D:13)
  3 naga sharpshooters
  6 skeletal warriors
  3 salamander mystics (Snake:2)
  3 bog bodies
  5 swamp dragons (Swamp:4)
  11 orc knights
  A lindwurm (Lair:5)
  A naga ritualist (Snake:2)
  2 phantasmal warriors (D:15)
  3 mana vipers
  5 orc sorcerers
  3 cyclopes
  5 manticores
  30 ugly things
  4 elephants (Lair:5)
  14 black mambas
  10 salamanders
  Joseph (D:7)
  A guardian serpent (shapeshifter) (D:15)
  4 torpor snails
  4 naga magi
  A gargoyle (D:10)
  4 kobold demonologists
  An unseen horror (D:13)
  13 cane toads
  A yaktaur (D:13)
  4 efreet
  2 freezing wraiths (D:13)
  3 rime drakes
  2 tengu conjurers
  13 komodo dragons
  6 trolls
  3 meliai (D:15)
  A meliai (shapeshifter) (D:13)
  12 polar bears
  3 tyrant leeches
  A queen bee (D:9)
  2 hornets
  2 raiju (Lair:5)
  A raiju (shapeshifter) (D:15)
  14 blink frogs
  8 dream sheep
  7 slime creatures
  2 shadows (D:12)
  8 wraiths
  4 wyverns
  5 hogs (Swamp:2)
  52 yaks
  2 vampires
  17 humans
  5 basilisks
  15 vampire mosquitoes
  A steam dragon (D:7)
  Edmund (D:6)
  An acid dragon (D:11)
  12 nagas
  6 swamp worms
  A two-headed ogre zombie (D:12)
  8 wargs
  13 hell hounds (Lair:5)
  20 water moccasins
  15 black bears
  An ice beast (D:6)
  7 swamp drakes (Swamp:4)
  2 sky beasts
  40 orc warriors
  11 ogres
  48 wolves
  2 phantoms
  11 centaurs
  7 kobold brigands
  15 bullfrogs
  6 gnoll sergeants
  2 necrophages
  Blork the orc (D:6)
  6 scorpions
  7 wights
  A troll zombie (D:12)
  A killer bee (shapeshifter) (D:8)
  36 killer bees
  2 electric eels
  9 howler monkeys
  2 lava snakes (Lair:2)
  21 orc priests
  Crazy Yiuf (D:3)
  2 hounds (D:6)
  A jelly (D:4)
  Jessica (D:3)
  5 iguanas
  18 orc wizards
  Natasha (thrice) (D:3)
  6 ogre zombies (D:12)
  29 gnolls
  16 adders
  A shadow imp (D:6)
  A white imp (D:6)
  2 ufetubi (D:5)
  A worm (D:2)
  3 dart slugs
  124 orcs
  14 ball pythons
  9 endoplasms
  4 giant cockroaches
  8 goblins
  11 hobgoblins
  3 jackals
  8 quokkas
  8 bats
  4 frilled lizards
  2 goblin zombies (D:12)
  3 hobgoblin zombies (D:12)
  31 kobolds
  5 orc skeletons (D:12)
  15 orc zombies (D:12)
  2 rats (D:1)
1074 creatures vanquished.

Vanquished Creatures (others)
  A bloated husk (Swamp:4)
  An ufetubus (D:3)
  An orc (D:15)
  A kobold (D:3)
  2 briar patches (Swamp:4)
  17 fungi
  41 plants
64 creatures vanquished.

Grand Total: 1138 creatures vanquished

Notes
Turn   | Place    | Note
-------+----------+-------------------------------------------
     0 | D:1      | Flugkiller the Minotaur Fighter began the quest for the
                  | Orb.
     0 | D:1      | Reached XP level 1. HP: 19/19 MP: 0/0
   120 | D:1      | Reached XP level 2. HP: 26/27 MP: 1/1
   140 | D:1      | Reached skill level 3 in Axes
   532 | D:1      | Reached XP level 3. HP: 33/33 MP: 2/2
  1294 | D:2      | Noticed a phantom
  1301 | D:2      | Killed a phantom
  1302 | D:2      | Reached skill level 4 in Axes
  1302 | D:2      | Reached XP level 4. HP: 37/41 MP: 3/3
  1380 | D:2      | Reached XP level 5. HP: 46/47 MP: 4/4
  1534 | D:2      | Found a faded altar of an unknown god.
  1828 | D:3      | Reached skill level 5 in Axes
  1834 | D:3      | Reached skill level 5 in Fighting
  1834 | D:3      | Reached skill level 5 in Armour
  2126 | D:3      | Found a one-way gate to the infinite horrors of the Abyss.
  2126 | D:3      | Noticed an ancient zyme
  2126 | D:3      | Noticed sanka's ghost (amateur DjAM)
  2288 | D:3      | Found a runed translucent door.
  2289 | D:3      | Noticed Crazy Yiuf
  2396 | D:3      | Found a shimmering altar of Xom.
  2399 | D:3      | Noticed Jessica
  2407 | D:3      | Killed Jessica
  2408 | D:3      | Reached XP level 6. HP: 46/56 MP: 5/5
  2548 | D:3      | Noticed Natasha
  2554 | D:3      | Killed Natasha
  2721 | D:3      | Noticed Natasha
  2729 | D:3      | Killed Natasha
  2738 | D:3      | Reached skill level 6 in Axes
  2894 | D:3      | Noticed Natasha
  2902 | D:3      | Killed Natasha
  3040 | D:3      | Found a transporter.
  3041 | D:3      | Found a transporter.
  3181 | D:3      | Killed Crazy Yiuf
  3680 | D:4      | Reached XP level 7. HP: 28/62 MP: 6/6
  3681 | D:4      | Reached skill level 7 in Axes
  4183 | D:5      | Entered Level 5 of the Dungeon
  4565 | D:5      | Found an ancient bone altar of Kikubaaqudgha.
  4803 | D:5      | Reached skill level 8 in Axes
  4807 | D:5      | Reached XP level 8. HP: 70/71 MP: 7/7
  5117 | D:5      | Reached skill level 9 in Axes
  5659 | D:6      | Found a staircase to the Ecumenical Temple.
  5675 | Temple   | Entered the Ecumenical Temple
  5938 | Temple   | Became a worshipper of Warmaster Okawaru
  6018 | D:6      | Noticed Edmund
  6031 | D:6      | Killed Edmund
  6035 | D:6      | Reached skill level 10 in Axes
  6035 | D:6      | Reached skill level 1 in Invocations
  6097 | D:6      | Reached skill level 1 in Evocations
  6146 | D:6      | Noticed Blork the orc
  6152 | D:6      | Killed Blork the orc
  6153 | D:6      | Reached XP level 9. HP: 69/81 MP: 8/8
  6158 | D:6      | Reached * piety under Okawaru
  6789 | D:6      | You fall into a shaft and drop 1 floor!
  6811 | D:7      | Reached skill level 11 in Axes
  7056 | D:7      | Noticed Joseph
  7072 | D:7      | HP: 4/82 [Joseph/+0 quarterstaff (6)]
  7106 | D:7      | Killed Joseph
  7451 | D:7      | Reached ** piety under Okawaru
  7675 | D:7      | Reached XP level 10. HP: 89/90 MP: 11/11
  7885 | D:7      | Identified the +1 robe "Apnaim" {Drain Dex+3 Archmagi}
  8629 | D:8      | Paralysed by a hornet for 3 turns
  8948 | D:8      | Reached skill level 12 in Axes
  8993 | D:8      | Noticed a six-headed hydra
  9011 | D:8      | Killed a six-headed hydra
  9276 | D:8      | Reached *** piety under Okawaru
  9277 | D:8      | Reached skill level 1 in Throwing
  9500 | D:8      | Noticed a cyan ugly thing
  9509 | D:8      | Killed a cyan ugly thing
  9773 | D:8      | Reached **** piety under Okawaru
  9808 | D:8      | Found a runed translucent door.
  9971 | D:8      | Found a staircase to the Lair.
 10301 | D:8      | Reached skill level 5 in Invocations
 10301 | D:8      | Reached XP level 11. HP: 49/99 MP: 10/13
 10302 | D:8      | Reached skill level 13 in Axes
 10640 | D:9      | Found a basalt altar of Yredelemnul.
 10748 | D:9      | Found Liynysej's General Store.
 10752 | D:9      | Bought a scroll of blinking for 90 gold pieces
 10802 | D:9      | Found a white marble altar of Elyvilon.
 10809 | D:9      | Identified the +5 battleaxe of Watchfulness {vorpal, Int+4
                  | Dex+5}
 11130 | D:9      | Reached skill level 10 in Fighting
 11232 | D:9      | Reached skill level 10 in Armour
 11238 | D:9      | Reached skill level 1 in Dodging
 11239 | D:9      | Reached ***** piety under Okawaru
 11581 | D:9      | Received a gift from Okawaru
 11790 | D:10     | Entered Level 10 of the Dungeon
 11790 | D:10     | Noticed a two-headed ogre
 11794 | D:10     | Killed a two-headed ogre
 12228 | D:10     | Found a burning altar of Makhleb.
 12537 | D:10     | Noticed a two-headed ogre
 12543 | D:10     | Killed a two-headed ogre
 12544 | D:10     | Reached skill level 5 in Throwing
 12711 | D:10     | Noticed a centaur warrior
 12726 | D:10     | Killed a centaur warrior
 12726 | D:10     | Identified the +5 broad axe of Xypetz {speed, rPois}
                  | (Okawaru gifted it to you on level 10 of the Dungeon)
 12726 | D:10     | Received a gift from Okawaru
 12727 | D:10     | Reached skill level 14 in Axes
 12729 | D:10     | HP: 5/101 [manticore (6)]
 13138 | D:10     | Identified the +0 plate armour "Dilul" {Str+4 Int+5 Stlth+}
 13138 | D:10     | Identified the +6 hand axe of Qaorr {flame, *Slow Str+9
                  | Stlth-}
 13285 | D:10     | Noticed a purple ugly thing
 13285 | D:10     | Noticed a skeletal warrior
 13296 | D:10     | Killed a purple ugly thing
 13297 | D:10     | Reached XP level 12. HP: 107/108 MP: 13/15
 13433 | D:10     | Identified the +3 scimitar "Fitajuba" {venom, rPois}
 13516 | D:10     | Identified a scroll of acquirement
 13523 | D:10     | Acquired 463 gold pieces
 13781 | D:11     | Noticed a boulder beetle
 13802 | D:11     | Killed a boulder beetle
 14101 | D:11     | Received a gift from Okawaru
 14834 | Lair:1   | Entered Level 1 of the Lair of Beasts
 14917 | Lair:1   | Reached skill level 15 in Axes
 15121 | Lair:1   | Identified the +2 robe of Lyd Wuit {rCorr Int+2 Stlth+}
                  | (Okawaru gifted it to you on level 1 of the Lair of Beasts)
 15121 | Lair:1   | Received a gift from Okawaru
 15532 | Lair:1   | Identified the +4 ring mail of Lugonu's Benevolence {rElec
                  | Int+3 Slay+3}
 15758 | Lair:1   | Reached XP level 13. HP: 114/117 MP: 17/17
 16992 | Lair:2   | Reached skill level 16 in Axes
 17283 | Lair:2   | Found a staircase to the Swamp.
 17744 | Lair:3   | Found a staircase to the Snake Pit.
 18032 | Lair:3   | Received a gift from Okawaru
 18462 | Lair:3   | Received a gift from Okawaru
 19093 | Lair:4   | Received a gift from Okawaru
 19138 | Lair:4   | Found a runed translucent door.
 19138 | Lair:4   | Found a viscous altar of Jiyva.
 19212 | Lair:4   | Found a staircase to the Slime Pits.
 19736 | Lair:5   | Entered Level 5 of the Lair of Beasts
 19890 | Lair:5   | Reached skill level 10 in Throwing
 19909 | Lair:5   | Received a gift from Okawaru
 19925 | Lair:5   | Received a gift from Okawaru
 19949 | Lair:5   | Reached skill level 17 in Axes
 20068 | Lair:5   | Reached XP level 14. HP: 81/127 MP: 19/19
 20321 | Lair:5   | Identified the +4 ring mail of Akuicuva {rPois rC+}
                  | (Okawaru gifted it to you on level 5 of the Lair of Beasts)
 20321 | Lair:5   | Received a gift from Okawaru
 21298 | Lair:5   | Reached skill level 18 in Axes
 22061 | Lair:5   | Received a gift from Okawaru
 22373 | Lair:5   | Acquired the amulet of Makhleb's Approval {Faith rF+}
 22794 | D:12     | Received a gift from Okawaru
 23111 | D:12     | Found a staircase to the Orcish Mines.
 23124 | D:12     | Reached skill level 5 in Shields
 23248 | D:12     | Reached skill level 10 in Invocations
 23484 | D:12     | Found a runed translucent gate.
 23484 | D:12     | Found a runed translucent gate.
 23485 | D:12     | Found a runed translucent gate.
 23531 | D:12     | Noticed Xqipyl's ghost (journeyman GrFE)
 23632 | D:12     | Identified the +3 ring mail "Voseh" {Harm Rampage rC-
                  | Int+7} (Okawaru gifted it to you on level 12 of the
                  | Dungeon)
 23632 | D:12     | Received a gift from Okawaru
 24095 | D:13     | Found Sism's Jewellery Boutique.
 24137 | D:13     | Reached skill level 5 in Dodging
 24170 | D:13     | Reached XP level 15. HP: 137/137 MP: 21/21
 25218 | D:13     | Noticed Urug
 25219 | D:13     | Noticed Rupert
 25236 | D:13     | Killed Urug
 25240 | D:13     | Found a gate to the Vaults.
 25258 | D:13     | Killed Rupert
 25656 | D:13     | Found a runed translucent door.
 25662 | D:13     | Noticed Karim's ghost (journeyman GnWn)
 25716 | D:13     | Found Lumezeug's Weapon Emporium.
 25724 | D:13     | Bought a +2 vorpal broad axe for 270 gold pieces
 25802 | D:14     | Received a gift from Okawaru
 25923 | D:14     | Found a sparkling altar of Nemelex Xobeh.
 26869 | D:15     | Entered Level 15 of the Dungeon
 26869 | D:15     | Noticed Agnes
 26877 | D:15     | Killed Agnes
 26920 | D:15     | Identified the +6 dagger of the Devouring Enemy {flame,
                  | rN+} (Okawaru gifted it to you on level 15 of the Dungeon)
 26920 | D:15     | Received a gift from Okawaru
 26943 | D:15     | Found a frozen archway.
 26986 | IceCv    | Entered an ice cave
 27276 | D:15     | Received a gift from Okawaru
 27781 | D:15     | Received a gift from Okawaru
 27788 | D:15     | Reached skill level 15 in Fighting
 27789 | D:15     | Reached skill level 15 in Armour
 27793 | D:15     | Identified the +4 chain mail "Hioxzeos" {Int+3 Dex+4}
                  | (Okawaru gifted it to you on level 15 of the Dungeon)
 27793 | D:15     | Received a gift from Okawaru
 27940 | D:15     | Identified the +1 ring mail "Ciosuugash" {Drain Str+3 Int+4
                  | Slay+2}
 28413 | D:15     | Found a staircase to the Depths.
 28577 | D:15     | Found a blossoming altar of Fedhas.
 28777 | Orc:1    | Entered Level 1 of the Orcish Mines
 29015 | Orc:1    | Found Nukossaz's Book Shoppe.
 29175 | Orc:1    | Reached XP level 16. HP: 74/149 MP: 23/23
 29621 | Orc:2    | Entered Level 2 of the Orcish Mines
 29621 | Orc:2    | Found a staircase to the Elven Halls.
 29984 | Orc:2    | Identified the +4 hand axe "Lagafil" {venom, rC++ rCorr
                  | Dex-2} (Okawaru gifted it to you on level 2 of the Orcish
                  | Mines)
 29984 | Orc:2    | Received a gift from Okawaru
 30980 | Orc:2    | Found Laed's Assorted Antiques.
 30983 | Orc:2    | Found Qoilouh's Antique Armour Shop.
 30984 | Orc:2    | Found Hawoom's Armour Boutique.
 30985 | Orc:2    | Found Kiukkaqa's Magic Scroll Boutique.
 30989 | Orc:2    | Bought a pair of embroidered gloves for 195 gold pieces
 30989 | Orc:2    | Bought an embroidered cloak for 195 gold pieces
 31006 | Orc:2    | Bought a scroll of enchant weapon for 120 gold pieces
 31006 | Orc:2    | Bought a scroll of enchant armour for 120 gold pieces
 31007 | Orc:2    | Bought a potion of heal wounds for 145 gold pieces
 31529 | Swamp:1  | Entered Level 1 of the Swamp
 31555 | Swamp:2  | Identified the +8 scimitar "Giant's Toothpick" {protect,
                  | +Blink rPois Str-5}
 31745 | Swamp:2  | Noticed Kirke
 31756 | Swamp:2  | Killed Kirke
 31756 | Swamp:2  | Received a gift from Okawaru
 32178 | Swamp:1  | Reached skill level 10 in Shields
 32228 | Swamp:3  | Noticed Jorgrun
 32252 | Swamp:3  | Killed Jorgrun
 32344 | Swamp:4  | Entered Level 4 of the Swamp
 32717 | Swamp:4  | Noticed a thorn hunter
 32724 | Swamp:4  | Received a gift from Okawaru
 32747 | Swamp:4  | Killed a thorn hunter
 33985 | Swamp:4  | Reached skill level 5 in Evocations
 35096 | Swamp:4  | Reached skill level 10 in Dodging
 35194 | Swamp:4  | Got a decaying rune of Zot
 35367 | Snake:1  | Entered Level 1 of the Snake Pit
 35592 | Snake:1  | Found a transporter.
 35660 | Snake:1  | Noticed Razfen's ghost (adept GnWn)
 35661 | Snake:1  | Found a bloodstained altar of Trog.
 35813 | Snake:1  | Reached XP level 17. HP: 114/159 MP: 24/24
 35845 | Snake:2  | Received a gift from Okawaru
 37002 | Snake:2  | Found Zesiybbopea's Magic Scroll Boutique.
 37024 | Snake:2  | Bought a scroll of blinking for 120 gold pieces
 37024 | Snake:2  | Bought a scroll of fear for 64 gold pieces
 37024 | Snake:2  | Bought a scroll of brand weapon for 152 gold pieces
 37178 | Snake:4  | Entered Level 4 of the Snake Pit
 37669 | Snake:4  | HP: 8/160 [naga warrior/+0 mace (15)]
 37669 | Snake:4  | Slain by a naga mage

Illustrated notes

Levels and vault maps discovered:
D:1:      lightli_arrival_chessboard, layout_basic
D:2:      layout_basic, hellmonk_ecumenical_altar_heavens_door
D:3:      kennysheep_big_flooded_room, layout_basic,
          mainiacjoe_overflow_brackets, gammafunk_ghost_abyssal_escape,
          minmay_door_square, roderic_st_hans_cross, uniq_natasha, uniq_jessica,
          uniq_crazy_yiuf_cottage
D:4:      layout_rooms
D:5:      wad_pebble_path, layout_basic, kennysheep_mini, serial_curves,
          eino_curves_01, eino_curves_04, minmay_pentangle
D:6:      minmay_polygon_palace, layout_basic, minmay_temple_entry_sparse_star,
          uniq_blork_the_orc, uniq_edmund
D:7:      layout_basic, st_stairs_12, uniq_joseph
D:8:      minmay_ornate_pinched, layout_basic, dpeg_oklobed_lair, special_room
          [special_room_orc], lightli_church_of_beogh
D:9:      layout_roguey [special_room_bee], old_standard_altar,
          amcnicky_altar_gilded, serial_shops, shop
D:10:     minmay_the_grid_four_pointed_star_mashed
          [minmay_the_grid_triangle_9x9_zippers_vertical,
          minmay_the_grid_triangle_9x9_steps,
          minmay_the_grid_triangle_9x9_sprig,
          minmay_the_grid_triangle_9x9_thin_v,
          minmay_the_grid_prize_shrinking_boxes], layout_basic, bloody_makhleb,
          minmay_radiant
D:11:     layout_grid_maze
D:12:     layout_roguey, zombieorc2_lemuel, gammafunk_ghost_spectres,
          minmay_curled_crystal, hex_medium, minmay_rotating_lava
D:13:     layout_cave_pools, david_vaults_3, ebering_ghost_reflecting_pool,
          serial_shops, nicolae_shop_hallway_stairs, kennysheep_little_box,
          grunt_decor_clamped, grunt_ministairs_13
D:14:     layout_stronghold, grunt_decor_resistance,
          nemelex_xobeh_ov_fountains_minmay
D:15:     grunt_enter_depths_snipers, layout_cave_pools,
          portal_ice_cave_entry_ugly_swarm, fedhas_altar_4, uniq_agnes
Temple:   minmay_crystal_spiral_temple
Lair:1:   layout_long_grid, grunt_forest_large_clearings, serial_bayou_shore_a,
          grunt_megastairs_5
Lair:2:   layout_regular_city, minmay_swamp_entry_worms,
          amcnicky_mini_pool_medium
Lair:3:   layout_roguey, minmay_snake_entry_guardpost_small
Lair:4:   wander_river, layout_gridlike, slime_entry_2, grunt_megastairs_4
Lair:5:   hangedman_lair_caniforms_friends, layout_long_grid,
          hangedman_lair_in_review
Swamp:1:  layout_falls_marsh, serial_swamp_ruin, evilmike_swamp_ruin_house_4,
          evilmike_swamp_ruin_house_1
Swamp:2:  layout_basic_swamp, nicolae_swamp_bean_lake, swamp_pool3,
          worms_lemuel, uniq_kirke
Swamp:3:  layout_basic_swamp, nicolae_swamp_godswood, infiniplex_staircase_pool,
          uniq_bai_suzhen, uniq_jorgrun
Swamp:4:  swamp_basic_johnstein, layout_basic_swamp
Snake:1:  layout_chambers, gammafunk_ghost_wrathful_warriors,
          nicolae_snake_gridmaze_swirls, nicolae_snake_gridmaze_tees,
          abandoned_shop
Snake:2:  cheibrodos_snake_lava_hold, layout_chambers, serial_shops, shop
Snake:3:  layout_honeycomb
Snake:4:  snake_pit_salamanders_mu, layout_cave_town
Orc:1:    layout_diamond_mine, serial_shops, nicolae_shop_behind_doors,
          hellmonk_guarded_unrand_dark_maul
Orc:2:    st_orc_pillars, layout_diamond_mine

Skill      XL: |  1  2  3  4  5  6  7  8  9 10 11 12 13 14 15 16 17 |
---------------+----------------------------------------------------+-----
Axes           | 3 4 5 6 8 10 11 12 14 15 17 18 | 18.0
Armour         | 4 5 6 7 8 9 10 11 12 13 15 16 | 16.8
Fighting       | 4 5 6 7 8 9 10 11 12 13 15 16 | 16.8
Invocations    | 1 3 5 6 7 8 10 11 | 11.0
Evocations     | 1 3 5 6 |  6.1
Throwing       | 3 6 8 10 | 10.0
Dodging        | 3 5 7 10 | 10.6
Shields        | 5 8 11 | 11.5

Action                   |  1- 3 |  4- 6 |  7- 9 | 10-12 | 13-15 | 16-18 || total
-------------------------+-------+-------+-------+-------+-------+-------++-------
Melee: War axe           |    80 |   132 |   196 |   219 |       |       ||   627
       Headbutt          |     9 |    22 |    34 |   118 |   293 |   215 ||   691
       Battleaxe         |       |       |       |   127 |       |       ||   127
       Broad axe         |       |       |       |   227 |  1227 |   796 ||  2250
Throw: Boomerang         |       |       |       |     2 |    35 |     4 ||    41
Invok: Heroism           |       |       |     1 |    17 |    26 |    24 ||    68
       Finesse           |       |       |       |       |     8 |    10 ||    18
Evoke: Wand              |       |       |       |     5 |       |       ||     5
       Condenser vane    |       |       |       |     1 |       |     1 ||     2
       Tin of tremorston |       |       |       |       |       |     2 ||     2
  Use: Scroll            |       |     7 |     3 |    12 |     8 |     4 ||    34
       Potion            |       |       |     1 |     4 |     2 |       ||     7
 Stab: Petrified         |       |       |       |       |     1 |       ||     1
       Distracted        |       |       |       |       |     2 |       ||     2
Armor: Scale mail        |    42 |    82 |   123 |    12 |       |       ||   259
       Chain mail        |       |       |       |   238 |       |       ||   238
       Plate armour      |       |       |       |    83 |   489 |   367 ||   939
Dodge: Dodged            |    48 |    58 |    93 |   227 |   267 |   268 ||   961
Block: Buckler           |    16 |    32 |    44 |   140 |   336 |    86 ||   654
       Kite shield       |       |       |       |       |       |   286 ||   286
